 Dungeon Crawl Stone Soup version 0.31-a0-986-g5e6e4ef867 (webtiles) character file.

Game seed: 4399463400078310848

2978 LeprechaunX the Mimic (level 9, 0/55 HPs)
             Began as an Octopode Shapeshifter on Nov 9, 2023.
             Was a Priest of Hepliaklqana.
             Slain by an orc warrior
             ... wielding a +1 halberd of protection
              (11 damage)
             ... on level 7 of the Dungeon.
             The game lasted 00:07:54 (6001 turns).

LeprechaunX the Mimic (Octopode Shapeshifter)       Turns: 6001, Time: 00:07:55

Health: 0/55       AC:  5    Str: 15    XL:     9   Next: 82%
Magic:  11/11      EV: 13    Int: 12    God:    Hepliaklqana [***...]
Gold:   332        SH:  0    Dex: 14    Spells: 8/8 levels left

rFire   + +          .
                       - Unarmed
rCold   . . .        (no shield)
rNeg    . . .        (helmet currently unavailable)
rPois   .            (no amulet)
rElec   .            j - ring of protection from fire
rCorr   .            p - ring of protection from fire
SInv    .            y - +4 ring of protection
Will    .....        (no ring)
Stlth   ++           (no ring)
HPRegen 0.29/turn    (no ring)
MPRegen 0.12/turn    (no ring)
                     (no ring)

%: no passive effects
@: beast-form
A: beast (slay +4), reduced essence, almost no armour, amphibious, 8 rings,
camouflage 1, gelatinous body 1, (nimble swimmer 1), tentacles
a: Begin Untransformation, Renounce Religion, Recall Ancestor, Ancestor
Identity, Transference


You were on level 7 of the Dungeon.
You worshipped Hepliaklqana.
Hepliaklqana was most pleased with you.
You were a hulking beast.
You visited 1 branch of the dungeon, and saw 7 of its levels.

You collected 358 gold pieces.
You spent 26 gold pieces at shops.

Inventory:

Hand Weapons
 a - a +0 orcbow
Missiles
 i - 2 javelins
 v - a boomerang (quivered)
Jewellery
 j - a ring of protection from fire (left tentacle)
 p - a ring of protection from fire (right tentacle)
 y - a +4 ring of protection (on tentacle)
Talismans
 b - a beast talisman
 c - a flux talisman
Wands
 q - a wand of polymorph (7)
 z - a wand of mindburst (3)
Scrolls
 e - 2 scrolls of amnesia
 h - 3 scrolls of teleportation
 l - 2 scrolls of enchant armour
 m - 5 scrolls of noise
 n - 3 scrolls of revelation
 s - 3 scrolls of vulnerability
 t - a scroll of blinking {unknown}
 u - a scroll of fear {unknown}
 w - a scroll of fog {unknown}
 x - 2 scrolls of enchant weapon
 B - a scroll of acquirement {unknown}
 C - a scroll of poison {unknown}
Potions
 d - 6 potions of curing
 f - a potion of degeneration {unknown}
 k - a potion of heal wounds {unknown}
 o - 3 potions of might
 r - a potion of attraction {unknown}
 A - a potion of lignification


   Skills:
 + Level 5.7 Fighting
 + Level 5.3 Throwing
 - Level 2.0 Dodging
 - Level 6.0 Unarmed Combat
 + Level 3.2 Invocations
 + Level 3.1 Evocations
 * Level 8.1 Shapeshifting


You had 8 spell levels left.
You didn't know any spells.
Your spell library contained the following spells:

 Spells                   Type           Power      Damage    Failure   Level
 Slow                     Hex            0%         N/A       32%         1
 Confusing Touch          Hex            0%         N/A       69%         3
 Sigil of Binding         Hex            0%         N/A       69%         3
 Vampiric Draining        Necr           0%         2d6       69%         3


Dungeon Overview and Level Annotations

Branches:
Dungeon (7/15)
 Temple: D:4-7

Altars:
Hepliaklqana

Shops:
D:1 (   D:4 *   D:6 ?   D:7 ((


Innate Abilities, Weirdness & Mutations

You are a hulking beast.
Your limbs bulge with bestial killing power. (Slay +4)
Your life essence is reduced to manifest your ancestor. (-10% HP)
You cannot wear most types of armour.
You are amphibious.
You can wear up to eight rings at the same time.
Your skin changes colour to match your surroundings (Stealth+).
Your rubbery body absorbs attacks. (AC +1, EV +1)
((You are camouflaged when in or above water. (Stealth+)))
You have tentacles for arms and can constrict up to eight enemies at once.


Message History

There is an open door here.
An orc wizard is nearby!
An orc wizard is nearby!
The orc wizard points at you and mumbles some strange words.
The magic dart hits you.
The orc warrior shouts!
The orc wizard points at you and mumbles some strange words.
The puff of flame hits you. You resist.
You tentacle-slap the orc wizard. You grab the orc wizard.
You squeeze the orc wizard!
The orc wizard is severely wounded.
You constrict the orc wizard, but do no damage.
The orc wizard hits you but does no damage.
The orc warrior hits you from afar with a +1 halberd of protection.
You bludgeon the orc wizard!
You kill the orc wizard!
The orc warrior hits you from afar with a +1 halberd of protection!
The orc warrior hits you with a +1 halberd of protection!
* * * LOW HITPOINT WARNING * * *
Things that are here:
a +0 dagger; a +0 robe; an orc corpse You are too injured to fight recklessly!
Unknown command.
You tentacle-slap the orc warrior but do no damage.
Your grab misses the orc warrior.
Londisizwe gestures at the orc warrior while chanting.
The stone arrow hits the orc warrior.
Unknown command.
You tentacle-slap the orc warrior. Your grab misses the orc warrior.
Your squeeze misses the orc warrior.
The orc warrior is moderately wounded.
The orc warrior hits you with a +1 halberd of protection.
* * * LOW HITPOINT WARNING * * *
Londisizwe hits the orc warrior but does no damage.
Unknown command.
You closely miss the orc warrior. Your grab misses the orc warrior.
Your squeeze misses the orc warrior.
The orc warrior is moderately wounded.
The orc warrior hits you with a +1 halberd of protection!
You die...

#≈≈......# #.........#
+≈≈......# #.........#
#≈≈......# #.†.......#
≈≈.......# #∩........#
≈........+ #......./.#
.........# #.........#
.........# #.........#
##..##...# #####.........#
##..##...###....ho.#######
.....#.....'....R..#
.....#.....#.......#
.....#.....#.......#
.....#.....#...<...#
.....#.....#.......#
.....#.....#.......#
###+##..##.#.......# #..
#####.......


You could see the friendly Londisizwe the battlemage and an orc warrior (ally
target).

Vanquished Creatures
  Pikel (D:4)
  Joseph (D:7)
  A troll (D:6)
  Sigmund (D:3)
  Duvessa (D:4)
  A black bear (D:4)
  2 centaurs (D:5)
  A phantom (D:5)
  3 scorpions
  4 wights (D:6)
  A gnoll bouda (D:5)
  A hound (D:5)
  A jelly (D:5)
  4 iguanas
  Natasha (thrice) (D:3)
  2 orc wizards
  Robin (D:3)
  5 adders
  2 gnolls (D:5)
  8 orcs
  4 ball pythons
  9 endoplasms
  A giant cockroach (D:2)
  12 goblins
  8 hobgoblins
  8 jackals
  2 quokkas
  7 bats
  4 frilled lizards
  4 kobolds
  6 rats
109 creatures vanquished.

Vanquished Creatures (collateral kills)
  A sky beast (D:4)
  A black bear (D:4)
  A wight (D:6)
  Dowan (D:4)
  An electric eel (D:7)
  A hound (D:5)
  A jelly (D:6)
  An iguana (D:4)
  3 orc priests
  An orc wizard (D:7)
  2 gnolls (D:5)
  2 adders
  6 orcs
  3 endoplasms (D:4)
  3 goblins
  2 hobgoblins
  2 jackals (D:5)
  A quokka (D:3)
  A kobold (D:4)
34 creatures vanquished.

Vanquished Creatures (others)
  2 battlemagi
2 creatures vanquished.

Grand Total: 145 creatures vanquished

Notes
Turn   | Place    | Note
-------+----------+-------------------------------------------
     0 | D:1      | LeprechaunX the Octopode Shapeshifter began the quest for
                  | the Orb.
     0 | D:1      | Reached XP level 1. HP: 13/13 MP: 1/1
   142 | D:1      | Reached XP level 2. HP: 18/18 MP: 2/2
   657 | D:1      | Found Uttuisamot's Weapon Shoppe.
   665 | D:1      | Reached XP level 3. HP: 22/23 MP: 3/3
  1351 | D:2      | Found a faded altar of an unknown god.
  1543 | D:2      | Reached XP level 4. HP: 29/29 MP: 4/4
  1628 | D:2      | Prayed at the altar of an unknown god.
  1628 | D:2      | Became a worshipper of Hepliaklqana the Forgotten
  1628 | D:2      | Reached * piety under Hepliaklqana
  1669 | D:2      | Reached skill level 4 in Shapeshifting
  1897 | D:3      | Noticed Natasha
  1903 | D:3      | Killed Natasha
  1904 | D:3      | Reached skill level 1 in Throwing
  1904 | D:3      | Reached XP level 5. HP: 20/30 MP: 5/5
  2124 | D:3      | Noticed Natasha
  2133 | D:3      | Killed Natasha
  2183 | D:3      | Noticed Sigmund
  2192 | D:3      | Killed Sigmund
  2193 | D:3      | Reached XP level 6. HP: 34/36 MP: 6/6
  2361 | D:3      | Noticed Robin
  2375 | D:3      | Killed Robin
  2578 | D:3      | Noticed Natasha
  2583 | D:3      | Killed Natasha
  2584 | D:3      | Reached skill level 5 in Shapeshifting
  2695 | D:4      | Found Luenali's Assorted Antiques.
  2739 | D:4      | Reached ** piety under Hepliaklqana
  2740 | D:4      | Remembered your ancestor Londisizwe as a battlemage
  2869 | D:4      | Noticed a sky beast
  2876 | D:4      | Reached XP level 7. HP: 36/41 MP: 7/7
  2939 | D:4      | Noticed Pikel
  2955 | D:4      | Killed Pikel
  2956 | D:4      | Reached skill level 5 in Unarmed Combat
  2956 | D:4      | Reached skill level 6 in Shapeshifting
  2956 | D:4      | Reached XP level 8. HP: 48/48 MP: 8/8
  3041 | D:4      | Noticed Duvessa
  3042 | D:4      | Noticed Dowan
  3048 | D:4      | Killed Duvessa
  3085 | D:4      | Killed Dowan
  3795 | D:5      | Entered Level 5 of the Dungeon
  3960 | D:5      | Reached skill level 7 in Shapeshifting
  3973 | D:5      | Reached skill level 1 in Invocations
  4004 | D:5      | Reached skill level 1 in Evocations
  4128 | D:5      | Reached XP level 9. HP: 30/54 MP: 9/9
  4134 | D:5      | Reached skill level 5 in Fighting
  5136 | D:6      | Noticed a troll
  5143 | D:6      | Killed a troll
  5162 | D:6      | Reached *** piety under Hepliaklqana
  5169 | D:6      | Found Liahuip's Magic Scroll Shop.
  5177 | D:6      | Bought a scroll of identify for 26 gold pieces
  5411 | D:6      | Reached skill level 5 in Throwing
  5788 | D:7      | Found Xohibeuj's Weapon Emporium.
  5793 | D:7      | Noticed Joseph
  5803 | D:7      | Killed Joseph
  5804 | D:7      | Reached skill level 8 in Shapeshifting
  5918 | D:6      | Identified the +1 scale mail of Articulation {rElec rF+}
  5937 | D:7      | Found Lauseuja's Weapon Emporium.
  6001 | D:7      | Slain by an orc warrior

Illustrated notes

Levels and vault maps discovered:
D:1:      minmay_arrival_solitary_statue, layout_loops_corners, serial_shops,
          shop
D:2:      layout_basic, ebering_ecumenical_altar_abandoned
D:3:      layout_basic, kennysheep_path_1, corexii_item_surrounded_by_moat,
          uniq_sigmund, uniq_robin, uniq_natasha
D:4:      layout_cave_pods, serial_shops, shop, minmay_diced_spiral, uniq_pikel,
          uniq_duvessa
D:5:      layout_basic
D:6:      layout_loops_ring, serial_shops, shop
D:7:      layout_gridville, minmay_temple_entry_waves, serial_shops, shop,
          shop_coins, water_boxes_lemuel, uniq_menkaure, uniq_joseph

Skill      XL: |  1  2  3  4  5  6  7  8  9 |
---------------+----------------------------+-----
Fighting       | 2 3 4 5 |  5.7
Shapeshifting  | 4 5 6 7 8 |  8.1
Throwing       | 1 2 3 4 5 |  5.3
Unarmed Combat | 4 5 6 |  6.0
Invocations    | 1 3 |  3.2
Evocations     | 1 3 |  3.1
Dodging        | |  2.0

Action                     |  1- 3 |  4- 6 |  7- 9 || total
---------------------------+-------+-------+-------++-------
  Melee: Unarmed           |    75 |    70 |    92 ||   237
         Constrict         |    17 |    21 |    24 ||    62
         Tentacles         |    13 |    15 |    26 ||    54
         Punch             |     3 |     1 |     5 ||     9
  Throw: Boomerang         |       |       |    15 ||    15
 Invoke: Recall Ancestor   |       |     1 |     1 ||     2
         Ancestor Life: Ba |       |     1 |       ||     1
    Use: Scroll            |       |       |     9 ||     9
   Stab: Sleeping          |    10 |     4 |     2 ||    16
         Distracted        |       |     1 |     1 ||     2
 Armour: Skin              |    27 |    26 |    73 ||   126
  Dodge: Dodged            |    26 |    41 |    46 ||   113

Table legend: (Time is in decaauts)
 A = Elapsed time spent in this place.
 B = Non-inter-level travel time spent in this place.
 C = Inter-level travel time spent in this place.
 D = Time resting spent in this place.
 E = Time spent auto-exploring this place.
 F = Levels seen in this place.
 G = Mean time per level.
                   A        B        C        D        E       F      G
               +--------+--------+--------+--------+--------+-----+--------+
         Total |   5982 |   5648 |    334 |    332 |   4506 |   7 |  854.6 |
       Dungeon |   5982 |   5648 |    334 |    332 |   4506 |   7 |  854.6 |
               +--------+--------+--------+--------+--------+-----+--------+

Top non-repeatable levels by time:
     D:5: 1184 daAuts
     D:4: 1097 daAuts
     D:1: 950 daAuts
     D:3: 918 daAuts
     D:6: 915 daAuts
     D:2: 817 daAuts
     D:7: 98 daAuts
